 Dungeon Crawl Stone Soup version 0.28.0 (webtiles) character file.

Game seed: 11051329301855729301

41 Morbidden the Chucker (level 3, -6/29 HPs)
             Began as a Demigod Hunter on Feb 14, 2022.
             Mangled by an iguana (10 damage)
             ... on level 2 of the Dungeon.
             The game lasted 00:01:37 (1604 turns).

Morbidden the Chucker (Demigod Hunter)              Turns: 1604, Time: 00:01:37

Health: -6/29      AC:  3    Str: 17    XL:     3   Next: 16%
Magic:  5/5        EV: 12    Int: 13    God:
Gold:   36         SH:  0    Dex: 14    Spells: 2/2 levels left

rFire   . . .      SeeInvis .   a - +0 short sword
rCold   . . .      Faith    .   (no shield)
rNeg    . . .      Spirit   .   b - +0 leather armour
rPois   .          Reflect  .   (no helmet)
rElec   .          Harm     .   (no cloak)
rCorr   +          Rampage  .   (no gloves)
Will    .....                   (no boots)
Stlth   +.........              (no amulet)
HPRegen 0.09/turn               f - ring of resist corrosion
MPRegen 0.09/turn               (no ring)

@: no status effects
A: high MP 1, forlorn, divine attributes
a: no special abilities


You were on level 2 of the Dungeon.
You visited 1 branch of the dungeon, and saw 2 of its levels.

You collected 36 gold pieces.

Inventory:

Hand Weapons
 a - a +0 short sword (weapon)
Missiles
 c - 4 javelins (quivered)
 d - 2 throwing nets
 g - 2 poisoned darts
 h - a stone
Armour
 b - a +0 leather armour (worn)
 l - a +0 cloak
Jewellery
 f - a ring of resist corrosion (left hand)
Scrolls
 i - a scroll of identify {unknown}
 j - a scroll of summoning {unknown}
Potions
 e - a potion of experience {unknown}
 k - a potion of curing {unknown}


   Skills:
 * Level 2.1 Fighting
 + Level 0.5 Short Blades
 * Level 4.1 Throwing
 + Level 0.8 Armour
 + Level 2.0 Dodging
 + Level 1.0 Stealth


You had 2 spell levels left.
You didn't know any spells.
Your spell library was empty.

Dungeon Overview and Level Annotations

Branches:
Dungeon (2/15)

Annotations:
D:2 Jessica


Innate Abilities, Weirdness & Mutations

You have an increased reservoir of magic. (+10% MP)
You shall have no god before yourself.
Your divine heritage dramatically boosts your attributes as you level up.


Message History

Pain shoots through your body! Jessica hits you with a +0 club.
There are monsters nearby!
You barely miss Jessica. The iguana bites you! Jessica hits you with a +0 club.
* * * LOW HITPOINT WARNING * * *
The iguana misses you.
The quokka bites you but does no damage.
There is an open door here.
You see here a rat corpse.
The quokka closely misses you.
Jessica casts a spell.
Jessica blinks!
The quokka misses you. The quokka barely misses you.
You closely miss the quokka. The quokka closely misses you.
The quokka bites you but does no damage.
Unknown command.
You completely miss the quokka. The quokka bites you.
* * * LOW HITPOINT WARNING * * *
You completely miss the quokka. The quokka bites you.
* * * LOW HITPOINT WARNING * * *
Throw: 6 javelins
Press: ? - help, Q - select action, (/) - cycle Shift-Dir - straight line, f - quokka
Aim: a quokka (51% to hit)
You throw a javelin. The javelin pierces through the quokka!
You kill the quokka!
The javelin pierces through the iguana but does no damage.
The javelin pierces through Jessica.
Jessica is heavily wounded.
Your Dodging skill increases to level 2!
Unknown command.
Throw: 5 javelins
Press: ? - help, Q - select action, (/) - cycle Shift-Dir - straight line, f - iguana
Aim: an iguana (65% to hit)
You throw a javelin.
The javelin pierces through the iguana but does no damage.
The javelin pierces through Jessica.
Jessica is severely wounded.
The iguana bites you!
You die...

##..#.###.....
###..##.# ####..
#...###.#####..) ##.###
#.##...... #..#
##.#..##..#
#.#####....###.##
##........#####.#
#.......#.......##
#@#.)...##..##.#..
#l#.....†...##...#
#.#.....#...#..###
#.#.....##..#..#
#####@#######...#..###
#......###............
#.......##...........#
#.l..(...#.......###..
##..#####....).........


You could see an iguana and Jessica.

Vanquished Creatures
  3 dart slugs (D:1)
  4 ball pythons (D:1)
  2 endoplasms (D:1)
  3 giant cockroaches
  A goblin (D:2)
  2 hobgoblins (D:1)
  4 kobolds
  4 quokkas (D:2)
  3 bats
  2 frilled lizards (D:1)
  4 rats
32 creatures vanquished.

Notes
Turn   | Place    | Note
-------+----------+-------------------------------------------
     0 | D:1      | Morbidden the Demigod Hunter began the quest for the Orb.
     0 | D:1      | Reached XP level 1. HP: 17/17 MP: 3/3
   530 | D:1      | Reached XP level 2. HP: 17/24 MP: 4/4
   630 | D:1      | Reached skill level 4 in Throwing
  1364 | D:2      | Reached XP level 3. HP: 29/29 MP: 5/5
  1475 | D:2      | Reached skill level 1 in Stealth
  1576 | D:2      | Noticed Jessica
  1604 | D:2      | Mangled by an iguana

Illustrated notes

Levels and vault maps discovered:
D:1:      lightli_arrival_statue_moat, layout_basic, minivault_19
D:2:      layout_rooms, serial_corexii_hall, corexii_hall_statues_l,
          corexii_hall_statues_i, hellmonk_ecumenical_altar_lost_god,
          kennysheep_jessica_study, uniq_robin

Skill      XL: |  1  2  3 |
---------------+----------+-----
Fighting       | 2 |  2.1
Throwing       | 4 |  4.1
Stealth        | 1 |  1.0
Dodging        | 2 |  2.0
Short Blades   | |  0.5
Armour         | |  0.8

Action                   || total
-------------------------++-------
Melee: Short sword       ||    97
       Punch             ||     2
Throw: Javelin           ||     2
 Stab: Sleeping          ||     4
Armor: Leather armour    ||    26
Dodge: Dodged            ||    50
